 Dungeon Crawl Stone Soup version 0.19.3-4-gbf9329e (webtiles) character file.

1300 Naow the Destroyer (level 8, -4/41 HPs)
             Began as a Deep Elf Conjurer on Jan 29, 2017.
             Slain by sadgrasan's ghost (18 damage)
             ... on level 6 of the Dungeon on Jan 30, 2017.
             The game lasted 00:13:34 (7247 turns).

Naow the Destroyer (Deep Elf Conjurer)              Turns: 7247, Time: 00:13:34

Health: -4/41      AC:  4    Str:  5    XL:     8   Next: 31%
Magic:  11/21      EV: 15    Int: 23    God:
Gold:   217        SH:  0    Dex: 15    Spells: 5 memorised, 5 levels left

rFire  . . .     SeeInvis .     (no weapon)
rCold  . . .     Gourm    .     a - +0 robe
rNeg   . . .     Faith    .     (no shield)
rPois  .         Spirit   .     (no helmet)
rElec  .         Reflect  .     (no cloak)
rCorr  .         Harm     .     o - +0 pair of gloves
MR     .....                    e - +0 pair of boots
Stlth  ++........               p - amulet of magic regeneration
                                (no ring)
                                (no ring)

@: no status effects
A: no striking features
a: no special abilities


You were on level 6 of the Dungeon.
You were hungry.

You visited 2 branches of the dungeon, and saw 7 of its levels.

You collected 217 gold pieces.

Inventory:

Armour
 a - a +0 robe (worn)
 e - a +0 pair of boots (worn)
 o - a +0 pair of gloves (worn)
Jewellery
 p - an amulet of magic regeneration (around neck)
Scrolls
 d - 4 scrolls of identify {unknown}
 i - 2 scrolls of teleportation {unknown}
 l - 2 scrolls of recharging {unknown}
 q - 2 scrolls of fear {unknown}
Potions
 f - 2 potions of agility {unknown}
 h - a potion of haste {unknown}
 j - a potion of cure mutation {unknown}
 k - a potion of curing
 m - a potion of might {unknown}
 n - 2 potions of heal wounds {unknown}
 r - a potion of ambrosia {unknown}
 s - a potion of degeneration {unknown}
Books
 b - a book of Conjurations

   Spells                             Type                      Level
   a - Magic Dart                     Conjuration                  1
   b - Searing Ray                    Conjuration                  2
   c - Dazzling Spray                 Conjuration/Hexes            3
   d - Fulminant Prism                Conjuration/Hexes            4
   e - Iskenderun's Mystic Blast      Conjuration                  4
   f - Iskenderun's Battlesphere      Conjuration/Charms           5
Comestibles
 c - 3 bread rations
 g - a meat ration
 t - 2 slices of pizza
 u - 6 chunks of flesh


   Skills:
 + Level 5.0 Dodging
 - Level 2.4 Stealth
 + Level 7.3 Spellcasting
 + Level 8.0 Conjurations
 * Level 7.0 Charms


You had 5 spell levels left.
You knew the following spells:

 Your Spells              Type           Power        Failure   Level  Hunger
a - Magic Dart            Conj           ####         1%          1    None
b - Searing Ray           Conj           #####.       1%          2    None
c - Iskenderun's Battles  Conj/Chrm      #####...     12%         5    #####..
d - Iskenderun's Mystic   Conj           #####...     3%          4    ###....
e - Fulminant Prism       Conj/Hex       ####......   17%         4    ###....


Dungeon Overview and Level Annotations

Branches:
Dungeon (6/15)             Temple (1/1) D:4

Altars:
Ashenzari
Cheibriados
Dithmenos
Elyvilon
Fedhas
Gozag
Hepliaklqana
Kikubaaqudgha
Makhleb
Okawaru
Qazlal
Ru
Sif Muna
Trog
Uskayaw
Xom
Yredelemnul
Zin
The Shining One

Shops:
D:5 [

Annotations:
D:6 sadgrasan's ghost, journeyman FoFi


Message History

Things that are here:
a club; a scale mail You see here a ring mail.
You hear the slow rusting of a very distant drain.
You swing at nothing.
Sadgrasan's ghost hits you!
Sadgrasan's ghost says, "They say chivalry is dead.
Well, so am I."
There is a stone staircase leading up here.
Casting: Iskenderun's Mystic Blast
Confirm with . or Enter, or press ? or * to list all spells.
Aiming: Iskenderun's Mystic Blast
Press: ? - help, Shift-Dir - straight line, f - sadgrasan's ghost
Aim: sadgrasan's ghost The orb of energy hits sadgrasan's ghost.
Sadgrasan's ghost is moderately damaged.
The orb of energy explodes!
You hear a shout!
Sadgrasan's ghost hits you!
Sadgrasan's ghost lets out a mournful wail.
Sadgrasan's ghost hits you!!
You die...

#. #.# #.# #.# #.#
# #.# ######.
###.#### .....
.......# ##.##
#.#.##.#######.#@##
#.#W##......)[.W#.#
#....#########...##
(..........>..#.##
##...########.#.#
##### #.#.# #.#.#
#.#.# #.#.#


You could see sadgrasan's ghost.

Vanquished Creatures
  The ghost of cba the Sneak, a novice OpAs of Ashenzari (D:4)
  2 ogres
  A centaur (D:5)
  3 scorpions
  3 crimson imps
  A bullfrog zombie (D:5)
  4 hounds
  An orc priest (D:4)
  3 orc wizards
  2 worker ants
  A hound skeleton (D:4)
  9 adders
  A shadow imp (D:5)
  4 worms
  A dart slug (D:1)
  3 leopard geckos
  15 orcs
  2 ball pythons
  7 bats
  4 giant cockroaches
  12 goblins
  9 hobgoblins
  3 jackals
  8 kobolds
  2 quokkas
  6 frilled lizards
  A leopard gecko skeleton (D:4)
  8 rats
117 creatures vanquished.

Notes
Turn   | Place    | Note
-------+----------+-------------------------------------------
     0 | D:1      | Naow the Deep Elf Conjurer began the quest for the Orb.
     0 | D:1      | Reached XP level 1. HP: 10/10 MP: 6/6
   339 | D:1      | Reached XP level 2. HP: 15/15 MP: 1/8
   475 | D:1      | Learned a level 2 spell: Searing Ray
   936 | D:1      | Reached skill level 5 in Conjurations
  1012 | D:1      | Reached XP level 3. HP: 19/19 MP: 5/10
  1551 | D:2      | Found an iron altar of Okawaru.
  1595 | D:2      | Found a stormy altar of Qazlal.
  1747 | D:2      | Reached XP level 4. HP: 24/24 MP: 4/12
  1914 | D:2      | Found a faded altar of an unknown god.
  1914 | D:2      | Found a faded altar of an unknown god.
  1919 | D:2      | Found a faded altar of an unknown god.
  1937 | D:2      | Found a hazy altar of Hepliaklqana.
  1938 | D:2      | Found a faded altar of an unknown god.
  3059 | D:3      | Found an iron altar of Okawaru.
  3440 | D:3      | Reached skill level 6 in Conjurations
  3835 | D:4      | Reached skill level 5 in Spellcasting
  3835 | D:4      | Reached XP level 5. HP: 16/28 MP: 7/14
  3847 | D:4      | Noticed cba's ghost (novice OpAs)
  4113 | D:4      | Found a snail-covered altar of Cheibriados.
  4268 | D:4      | Found a staircase to the Ecumenical Temple.
  4275 | Temple   | Entered the Ecumenical Temple
  5154 | D:4      | Reached XP level 6. HP: 13/32 MP: 9/16
  5170 | D:4      | Learned a level 5 spell: Iskenderun's Battlesphere
  5175 | D:4      | Learned a level 4 spell: Iskenderun's Mystic Blast
  5180 | D:4      | Learned a level 4 spell: Fulminant Prism
  5372 | D:4      | Reached skill level 7 in Conjurations
  5372 | D:4      | Reached skill level 1 in Charms
  5821 | D:4      | Killed cba's ghost
  5821 | D:4      | Reached XP level 7. HP: 31/36 MP: 0/18
  5974 | D:5      | Entered Level 5 of the Dungeon
  5997 | D:5      | Reached skill level 5 in Charms
  6153 | D:5      | Found a sacrificial altar of Ru.
  6419 | D:5      | Found a burning altar of Makhleb.
  6481 | D:5      | Reached XP level 8. HP: 41/41 MP: 15/20
  6598 | D:5      | Found Luffejom's Armour Shop.
  7173 | D:6      | Reached skill level 5 in Dodging
  7173 | D:6      | Reached skill level 8 in Conjurations
  7198 | D:6      | Noticed sadgrasan's ghost (journeyman FoFi)
  7247 | D:6      | Slain by sadgrasan's ghost

Skill      XL: |  1  2  3  4  5  6  7  8 |
---------------+-------------------------+-----
Conjurations   | 5 6 7 8 |  8.0
Spellcasting   | 4 5 6 7 |  7.3
Charms         | 4 6 7 |  7.0
Dodging        | 3 4 5 |  5.0
Stealth        | |  2.4

Action                   |  1- 3 |  4- 6 |  7- 9 || total
-------------------------+-------+-------+-------++-------
Melee: Unarmed           |       |    18 |       ||    18
 Cast: Magic Dart        |    82 |   111 |    84 ||   277
       Searing Ray       |       |     8 |     2 ||    10
       Iskenderun's Myst |       |     7 |     9 ||    16
  Use: Potion            |       |     1 |       ||     1
  Eat: Chunk             |     2 |    13 |     5 ||    20
Armor: Robe              |     3 |    15 |     6 ||    24
Dodge: Dodged            |     5 |    29 |    14 ||    48
